 Dungeon Crawl Stone Soup version 0.23.1 (webtiles) character file.

Game seed: 0

16010 myga the Thrower (level 12, -2/100 HPs)
             Began as a Hill Orc Fighter on Mar 17, 2019.
             Was an Elder of Beogh.
             Slain by a 13-headed hydra (4 damage)
             ... on level 4 of the Lair of Beasts on Mar 18, 2019.
             The game lasted 01:39:53 (11169 turns).

myga the Thrower (Hill Orc Fighter)                Turns: 11169, Time: 01:39:54

Health: -2/100     AC: 17    Str: 27    XL:     12   Next: 33%
Magic:  0/13       EV: 10    Int:  8    God:    Beogh [****..]
Gold:   563        SH: 14    Dex: 20    Spells: 11/11 levels left

rFire    + + .     SeeInvis .   S - +6 long sword "Zashraipa" {holy, rF+}
rCold    + . .     Gourm    .   c - +1 shield
rNeg     + . .     Faith    .   N - +2 chain mail of Ethics {-Cast Dex+6}
rPois    .         Spirit   +   s - +2 hat of the Bear Spirit {Spirit, +Rage rN+ MR++}
rElec    .         Reflect  .   B - scarf {rC+ rF+}
rCorr    +         Harm     .   (no gloves)
MR       ++...     NoCast   +   z - +1 pair of boots
Stlth    ..........             I - amulet of Hodao {Acrobat Str+7}
HPRegen  0.26/turn              Q - +3 ring of slaying
MPRegen  0.13/turn              r - ring of resist corrosion

@: invisible
A: no striking features
a: Smiting, Recall Orcish Followers, Renounce Religion, Evoke Berserk Rage


You were on level 4 of the Lair of Beasts.
You worshipped Beogh.
Beogh was greatly pleased with you.
You were not hungry.

You visited 3 branches of the dungeon, and saw 13 of its levels.
You also visited: Sewer.

You collected 783 gold pieces.
You spent 220 gold pieces at shops.

Inventory:

Hand Weapons
 h - a +7 short sword of venom
 S - the +6 long sword "Zashraipa" (weapon) {holy, rF+}
   (You found it on level 2 of the Lair of Beasts)

   It has been blessed by the Shining One to cause great damage to the undead
   and demons.
   It protects you from fire.
Missiles
 d - 287 stones
 g - a tomahawk (quivered)
 w - 4 javelins
 G - 2 throwing nets
Armour
 c - a +1 shield (worn)
 n - a +0 ring mail
 s - the +2 hat of the Bear Spirit (worn) {Spirit, +Rage rN+ MR++}
   (You found it on level 6 of the Dungeon)

   It protects you from negative energy.
   It affects your resistance to hostile enchantments.
   It lets you go berserk.
 x - a +2 large shield
 z - a +1 pair of boots (worn)
 B - a scarf of resistance (worn)
 N - the +2 chain mail of Ethics (worn) {-Cast Dex+6}
   (You found it on level 7 of the Dungeon)

   It affects your dexterity (+6).
   It prevents spellcasting.
Jewellery
 r - a ring of resist corrosion (right hand)
 I - the amulet of Hodao (around neck) {Acrobat Str+7}
   (You found it on level 7 of the Dungeon)

   [amulet of the acrobat]

   It helps you evade while moving and waiting.
   It affects your strength (+7).
 Q - a +3 ring of slaying (left hand)
 V - an uncursed ring of fire
Wands
 a - a wand of random effects (13)
 F - a wand of clouds (7)
 L - a wand of polymorph (7)
 R - a wand of acid (12)
 W - a wand of paralysis (6)
Scrolls
 e - 2 scrolls of fog
 i - 6 scrolls of fear
 j - a scroll of immolation
 m - 2 scrolls of enchant armour
 p - 2 scrolls of magic mapping
 u - 4 scrolls of blinking
 E - 4 scrolls of summoning
 H - 3 scrolls of teleportation
 J - 2 scrolls of vulnerability
 P - a scroll of amnesia
 T - a scroll of noise
 U - 4 scrolls of identify
Potions
 b - a potion of lignification
 l - 2 potions of agility
 q - 6 potions of heal wounds
 t - a potion of magic
 v - 2 potions of haste
 A - a potion of brilliance
 C - a potion of resistance
 K - 5 potions of curing
 O - a potion of cancellation
Comestibles
 f - 15 rations


   Skills:
 + Level 7.1 Fighting
 + Level 7.8(8.1) Short Blades
 + Level 3.2(6.3) Long Blades
   Level 2.8 Maces & Flails
   Level 3.2 Polearms
 + Level 10.5 Throwing
 + Level 9.4 Armour
 + Level 3.2 Dodging
 + Level 1.5 Stealth
 + Level 9.0 Shields
 + Level 0.4 Invocations
 + Level 2.2 Evocations


You had 11 spell levels left.
You didn't know any spells.
Your spell library contained the following spells:

 Spells                   Type           Power        Failure   Level  Hunger
 Animate Skeleton         Necr           N/A          99%         1    ##.....
 Apportation              Tloc           #.....       99%         1    ##.....
 Beastly Appendage        Tmut           #.....       99%         1    ##.....
 Confusing Touch          Hex            #.....       99%         1    ##.....
 Magic Dart               Conj           #...         99%         1    ##.....
 Summon Small Mammal      Summ           #...         99%         1    ##.....
 Blink                    Tloc           N/A          100%        2    ###....
 Call Imp                 Summ           #.......     100%        2    ###....
 Passwall                 Tmut/Erth      #.......     100%        2    ###....
 Slow                     Hex            #.......     100%        2    ###....
 Conjure Flame            Conj/Fire      #.......     100%        3    ####...
 Mephitic Cloud           Conj/Pois/Air  #.......     100%        3    ####...
 Static Discharge         Conj/Air       #.......     100%        3    ####...
 Ice Form                 Ice/Tmut       #.......     100%        4    #####..
 Lightning Bolt           Conj/Air       #.........   100%        5    ######.
 Hydra Form               Tmut           #.........   100%        6    #######
 Dragon Form              Tmut           #.........   100%        7    #######
 Ignition                 Fire           #.........   100%        8    #######
 Shatter                  Erth           #.........   100%        9    #######
 Tornado                  Air            #.........   100%        9    #######


Dungeon Overview and Level Annotations

Branches:
Dungeon (8/15)             Temple (1/1) D:5            Lair (4/6) D:8
  Swamp: Lair:2-4    Shoals: Lair:2-4     Snake: Lair:2-4    Spider: Lair:2-4

Altars:
Ashenzari
Cheibriados
Dithmenos
Elyvilon
Fedhas
Gozag
Hepliaklqana
Makhleb
Nemelex Xobeh
Okawaru
Qazlal
Ru
Sif Muna
Trog
Uskayaw
Vehumet
Wu Jian
Xom
Yredelemnul
Zin
The Shining One

Shops:
D:7 ?


Message History

The 13-headed hydra misses you.
The 13-headed hydra bites you but does no damage.
You block the 13-headed hydra's attack. The 13-headed hydra closely misses you.
The 13-headed hydra bites you.
* * * LOW HITPOINT WARNING * * *
The 13-headed hydra misses you. The 13-headed hydra bites you!
* * * LOW HITPOINT WARNING * * *
You block the 13-headed hydra's attack.
Okay, then.
You fade into invisibility!
Gorg barely misses the 13-headed hydra.
The 13-headed hydra closely misses you. You block the 13-headed hydra's attack.
The 13-headed hydra bites you!
* * * LOW HITPOINT WARNING * * *
The 13-headed hydra barely misses you. The 13-headed hydra bites you.
* * * LOW HITPOINT WARNING * * *
You block the 13-headed hydra's attack. The 13-headed hydra bites you.
* * * LOW HITPOINT WARNING * * *
The 13-headed hydra closely misses you. You block the 13-headed hydra's attack.
The 13-headed hydra bites you.
You die...

## #.. ### #...
###.# ..... #...###
#.....
#.....#######......
#...##.............
#......@Do......(.(
###.......#.((..P..
#......####.....#).
#..##.### #.[...#
####..#.###.....#
#........##.....#
##..............#
###..........#####
#...^......###


You could see a 13-headed hydra and the friendly Gorg the orc knight.

Vanquished Creatures
  2 hydras (Lair:3)
  A two-headed ogre (D:7)
  2 oklob plants (Lair:3)
  Psyche (D:8)
  3 spiny frogs
  A kobold demonologist (D:7)
  2 komodo dragons
  2 trolls (D:7)
  A polar bear (Lair:3)
  A slime creature (D:7)
  5 blink frogs
  A hippogriff (Lair:1)
  2 dream sheep (Lair:2)
  A wyvern (D:8)
  A basilisk (Lair:3)
  6 yaks (Lair:2)
  An acid dragon (D:8)
  Menkaure (D:4)
  2 water moccasins
  3 porcupines
  2 sky beasts
  An orc warrior (D:7)
  4 ice beasts
  A hornet zombie (D:7)
  4 phantoms
  2 necrophages
  5 ogres
  2 centaurs (D:7)
  5 crocodiles
  A big kobold (D:8)
  4 bullfrogs
  A wyvern skeleton (D:6)
  3 scorpions
  A wight (D:7)
  3 howler monkeys
  A centaur zombie (D:8)
  A crimson imp (D:6)
  A quasit (D:7)
  3 orc priests
  3 bullfrog skeletons
  2 hounds
  7 orc wizards
  2 iguanas
  7 worker ants
  2 hound zombies
  A howler monkey zombie (D:6)
  7 river rats
  6 adders
  3 shadow imps
  An ooze (D:4)
  3 adder zombies
  2 adder skeletons
  3 worms
  A dart slug (D:1)
  2 leopard geckos
  28 orcs
  12 giant cockroaches
  9 hobgoblins
  16 jackals
  3 quokkas
  9 ball pythons
  4 bats
  13 frilled lizards
  A giant cockroach zombie (D:5)
  11 goblins
  15 kobolds
  A leopard gecko skeleton (D:2)
  A leopard gecko zombie (D:7)
  A quokka skeleton (D:4)
  A quokka zombie (D:7)
  18 rats
  A plant (Lair:3)
280 creatures vanquished.

Vanquished Creatures (collateral kills)
  2 hydras (Lair:3)
  2 oklob plants (Lair:3)
  2 black mambas
  3 spiny frogs
  A komodo dragon (Lair:2)
  3 dream sheep (Lair:2)
  2 hippogriffs
  A wyvern (D:8)
  3 yaks (Lair:2)
  2 water moccasins
  3 porcupines
  A centaur (D:8)
  A crocodile (D:8)
  3 bullfrogs
  A fungus (Lair:2)
  8 plants (Lair:3)
38 creatures vanquished.

Vanquished Creatures (others)
  An orc priest (D:4)
  4 orcs (D:8)
  6 plants
11 creatures vanquished.

Grand Total: 329 creatures vanquished

Notes
Turn   | Place    | Note
-------+----------+-------------------------------------------
     0 | D:1      | myga the Hill Orc Fighter began the quest for the Orb.
     0 | D:1      | Reached XP level 1. HP: 19/19 MP: 1/1
   185 | D:1      | Reached XP level 2. HP: 23/27 MP: 2/2
   594 | D:1      | Reached XP level 3. HP: 31/33 MP: 3/3
  1337 | D:2      | Reached XP level 4. HP: 37/40 MP: 4/4
  1954 | D:3      | Found a glowing drain.
  1984 | Sewer    | Entered a sewer
  1989 | Sewer    | Reached skill level 1 in Short Blades
  2031 | Sewer    | Reached XP level 5. HP: 47/47 MP: 5/5
  2193 | Sewer    | Reached skill level 1 in Dodging
  3006 | D:3      | Reached skill level 1 in Polearms
  3006 | D:3      | Reached XP level 6. HP: 35/53 MP: 6/6
  3663 | D:4      | Noticed a phantom
  3682 | D:4      | Killed a phantom
  3682 | D:4      | Reached skill level 5 in Armour
  3743 | D:4      | Noticed Menkaure
  3746 | D:4      | Became a worshipper of Beogh the Brigand
  3763 | D:4      | Killed Menkaure
  3763 | D:4      | Reached XP level 7. HP: 30/60 MP: 7/7
  3969 | D:4      | Reached skill level 5 in Fighting
  3976 | D:4      | Reached skill level 1 in Throwing
  4055 | D:4      | Reached skill level 5 in Shields
  4309 | D:5      | Entered Level 5 of the Dungeon
  4309 | D:5      | Found a stormy altar of Qazlal.
  4478 | D:5      | Found a staircase to the Ecumenical Temple.
  4499 | D:5      | Reached XP level 8. HP: 68/68 MP: 8/8
  4657 | D:5      | Reached skill level 2 in Throwing
  4875 | D:5      | Reached * piety under Beogh
  5260 | Temple   | Entered the Ecumenical Temple
  5508 | D:6      | Reached skill level 3 in Throwing
  5736 | D:6      | Reached skill level 4 in Throwing
  5813 | D:6      | Found a snail-covered altar of Cheibriados.
  5903 | D:6      | Found the +2 hat of the Bear Spirit {Spirit, +Rage rN+
                  | MR++}
  6159 | D:7      | Reached XP level 9. HP: 71/74 MP: 7/9
  6240 | D:7      | Found a deep blue altar of Sif Muna.
  6270 | D:7      | Reached ** piety under Beogh
  6346 | D:7      | Noticed a troll
  6363 | D:7      | Killed a troll
  6363 | D:7      | Reached skill level 5 in Throwing
  6367 | D:7      | Reached skill level 5 in Short Blades
  6417 | D:7      | Found a hazy altar of Hepliaklqana.
  6421 | D:7      | Found a hide-covered altar of Uskayaw.
  6659 | D:7      | Got a scorched pewter amulet
  6662 | D:7      | Identified the amulet of Hodao {Acrobat Str+7} (You found
                  | it on level 7 of the Dungeon)
  6765 | D:7      | Noticed a troll
  6765 | D:7      | Noticed a kobold demonologist
  6766 | D:7      | Noticed a two-headed ogre
  6770 | D:7      | Killed a troll
  6775 | D:7      | Killed a kobold demonologist
  6775 | D:7      | Reached skill level 1 in Evocations
  6775 | D:7      | Reached XP level 10. HP: 83/83 MP: 10/10
  6793 | D:7      | Killed a two-headed ogre
  6793 | D:7      | Reached skill level 1 in Stealth
  6825 | D:7      | Got a jewelled arbalest
  6834 | D:7      | Got an aquamarine-encrusted chain mail
  6868 | D:7      | Identified the +2 chain mail of Ethics {-Cast Dex+6} (You
                  | found it on level 7 of the Dungeon)
  7105 | D:7      | Found Qurren's Magic Scroll Emporium.
  7144 | D:7      | Bought a scroll of teleportation for 39 gold pieces
  7144 | D:7      | Bought a scroll of fear for 45 gold pieces
  7144 | D:7      | Bought a scroll of identify for 26 gold pieces
  7144 | D:7      | Bought a scroll of identify for 26 gold pieces
  7144 | D:7      | Bought a scroll of fear for 45 gold pieces
  7144 | D:7      | Bought a scroll of teleportation for 39 gold pieces
  7174 | D:7      | Reached skill level 6 in Throwing
  7371 | D:8      | Noticed Psyche
  7380 | D:8      | Killed Psyche
  7380 | D:8      | Reached *** piety under Beogh
  7591 | D:8      | Found a blossoming altar of Fedhas.
  7688 | D:8      | Reached skill level 7 in Throwing
  7742 | D:8      | Found a staircase to the Lair.
  7747 | Lair:1   | Entered Level 1 of the Lair of Beasts
  7813 | Lair:1   | Noticed a spiny frog
  7819 | Lair:1   | Killed a spiny frog
  8008 | Lair:1   | Reached XP level 11. HP: 91/91 MP: 12/12
  8108 | Lair:1   | Reached skill level 8 in Throwing
  8957 | Lair:2   | Found a burning altar of Makhleb.
  9050 | Lair:2   | Reached skill level 9 in Throwing
  9053 | Lair:2   | Gained Gorg as an ally
  9069 | Lair:2   | Reached **** piety under Beogh
  9087 | Lair:2   | Got a crystal long sword
  9090 | Lair:2   | Identified the +6 long sword "Zashraipa" {holy, rF+} (You
                  | found it on level 2 of the Lair of Beasts)
  9174 | Lair:2   | Identified the Volume of Transmutation
  9705 | Lair:3   | Noticed a four-headed hydra
  9711 | Lair:3   | Killed a four-headed hydra
  9711 | Lair:3   | Reached skill level 1 in Long Blades
  9807 | Lair:3   | Noticed a four-headed hydra
  9822 | Lair:3   | Killed a four-headed hydra
  9876 | Lair:3   | Noticed a five-headed hydra
  9886 | Lair:3   | Killed a 12-headed hydra
  9886 | Lair:3   | Reached skill level 10 in Throwing
  9915 | Lair:3   | Reached XP level 12. HP: 59/97 MP: 13/13
 10199 | Lair:3   | Noticed a seven-headed hydra
 10210 | Lair:3   | Killed a 13-headed hydra
 11151 | Lair:4   | Noticed a five-headed hydra
 11169 | Lair:4   | HP: 5/100 [13-headed hydra (7)]
 11169 | Lair:4   | HP: 2/100 [13-headed hydra (1)]
 11169 | Lair:4   | Slain by a 13-headed hydra

Skill      XL: |  1  2  3  4  5  6  7  8  9 10 11 12 |
---------------+-------------------------------------+-----
Fighting       | 4 5 6 7 |  7.1
Shields        | 4 5 6 7 8 9 |  9.0
Short Blades   | 1 2 4 6 7 |  7.8
Armour         | 4 5 6 7 8 9 |  9.4
Dodging        | 1 2 3 |  3.2
Polearms       | 1 2 3 |  3.2
Throwing       | 1 4 5 7 10 | 10.5
Evocations     | 1 2 |  2.2
Stealth        | 1 |  1.5
Long Blades    | 1 3 |  3.2
Maces & Flails | |  2.8
Invocations    | |  0.4

Action                   |  1- 3 |  4- 6 |  7- 9 | 10-12 || total
-------------------------+-------+-------+-------+-------++-------
Melee: Flail             |   129 |       |       |       ||   129
       Mace              |    42 |       |       |       ||    42
       Short sword       |     9 |   100 |   238 |   126 ||   473
       Spear             |       |   315 |       |       ||   315
       Long sword        |       |       |       |    72 ||    72
Throw: Stone             |       |    20 |     5 |     2 ||    27
       Tomahawk          |       |     6 |   106 |   178 ||   290
       Javelin           |       |       |     2 |     5 ||     7
Invok: Convert to Beogh  |       |     1 |       |       ||     1
       Recall Orcish Fol |       |       |       |     1 ||     1
 Abil: Evoke Berserk Rag |       |       |     2 |     2 ||     4
Evoke: Wand              |       |     1 |     2 |       ||     3
  Use: Scroll            |     4 |     7 |    12 |     5 ||    28
       Potion            |     2 |     3 |       |     1 ||     6
 Stab: Confused          |       |       |     2 |       ||     2
       Distracted        |       |       |       |     3 ||     3
  Eat: Chunk             |     2 |     9 |     7 |    13 ||    31
       Ration            |       |       |     1 |     1 ||     2
Armor: Scale mail        |    79 |     2 |       |       ||    81
       Chain mail        |       |   157 |    81 |    74 ||   312
Dodge: Dodged            |    71 |    59 |    35 |    60 ||   225
Block: Shield            |    84 |   186 |    88 |   122 ||   480
       Rpst.: Long sword |       |       |       |     1 ||     1
